 Dungeon Sprint DCSS version 0.29.1-4-g47bece8355 (webtiles) character file.

Game seed: 17476074403028235048

14324 boopmooplesden the Warrior (level 11, -5/124 HPs)
             Began as a Minotaur Berserker on Dec 7, 2022.
             Was the Champion of Trog.
             Slain by a bone dragon (13 damage)
             ... in the Dungeon (Sprint II: "The Violet Keep of Menkaure").
             The game lasted 00:06:45 (2725 turns).

boopmooplesden the Warrior (Minotaur Berserker)     Turns: 2725, Time: 00:06:46

Health: -5/124     AC: 24    Str: 25    XL:     11   Next: 87%
Magic:  7/7        EV: 14    Int:  4    God:    Trog [******]
Gold:   994        SH:  5    Dex: 16    Spells: 10/10 levels left

rFire   . . .      SeeInvis .   H - +2 triple sword (flame)
rCold   . . .      Faith    .   (shield currently unavailable)
rNeg    . . .      Spirit   .   j - +3 chain mail of Watchfulness {Fly}
rPois   .          Reflect  +   (helmet restricted)
rElec   .          Harm     .   v - +0 cloak
rCorr   .          Rampage  .   z - +1 pair of gloves
Will    .....      NoTele   +   k - +1 pair of boots of Courage {Regen+ Str+3 Dex+2}
Stlth   ..........              G - amulet of reflection
HPRegen 1.10/turn               r - +4 ring of slaying
MPRegen 0.10/turn               (no ring)

@: flying
A: horns 2, retaliatory headbutt, low MP 2
a: Renounce Religion, Berserk, Trog's Hand, Brothers in Arms


You were in the Dungeon.
You worshipped Trog.
Trog was exalted by your worship.
You visited 1 branch You collected 1930 gold pieces.
You spent 936 gold pieces at shops.

Inventory:

Hand Weapons
 a - a +0 falchion
 i - a +0 falchion of holy wrath
 l - a +1 scimitar
 H - a +2 triple sword of flaming (weapon)
 I - a +5 long sword of flaming
Armour
 b - a +0 animal skin
 j - the +3 chain mail of Watchfulness (worn) {Fly}
   (You bought it in a shop in the Dungeon)

   Fly:       It grants you flight.
 k - the +1 pair of boots of Courage (worn) {Regen+ Str+3 Dex+2}
   (You bought it in a shop in the Dungeon)

   Str:       It affects your strength (+3).
   Dex:       It affects your dexterity (+2).
   Regen:     It increases your rate of health regeneration.
 v - a +0 cloak (worn)
 z - a +1 pair of gloves (worn)
 F - a +0 buckler
Jewellery
 r - a +4 ring of slaying (left hand)
 u - an amulet of guardian spirit
 E - a ring of flight
 G - an amulet of reflection (around neck)
Scrolls
 h - a scroll of blinking
 m - a scroll of vulnerability {unknown}
 q - a scroll of silence {unknown}
 t - a scroll of fog {unknown}
 w - a scroll of fear {unknown}
 x - a scroll of amnesia {unknown}
 y - 2 scrolls of identify {unknown}
 A - a scroll of enchant armour {unknown}
 C - 3 scrolls of magic mapping {unknown}
 D - a scroll of immolation {unknown}
Potions
 c - a potion of curing
 e - a potion of haste
 f - 5 potions of magic
 g - a potion of berserk rage
 n - a potion of brilliance {unknown}
 o - 2 potions of attraction {unknown}
 p - 3 potions of resistance {unknown}
 s - 2 potions of might {unknown}
 B - 6 potions of flight {unknown}


   Skills:
 + Level 20.1 Fighting
 + Level 20.0 Long Blades
 + Level 17.9 Armour
 + Level 11.2 Dodging
 + Level 2.2 Stealth
 + Level 5.7 Shields


You had 10 spell levels left.
You didn't know any spells.
Your spell library was empty.

Dungeon Overview and Level Annotations

Branches:
Dungeon (1/1)

Altars:
Cheibriados
Dithmenos
Elyvilon
Fedhas
Gozag
Hepliaklqana
Kikubaaqudgha
Makhleb
Nemelex Xobeh
Okawaru
Qazlal
Ru
Sif Muna
Trog
Uskayaw
Vehumet
Wu Jian
Xom
Yredelemnul
Zin
The Shining One
Jiyva
Lugonu

Shops:
D *=::!(==?[!=?[=

Annotations:
D exclusions: obsidian statue and oklob plant, Roxanne


Innate Abilities, Weirdness & Mutations

You have a pair of horns on your head.
You reflexively headbutt those who attack you in melee.
Your magical capacity is very low. (-20% MP)


Message History

You recover from your berserk rage.
The bone dragon bites you but does no damage.
The bone dragon claws you but does no damage.
The bone dragon tramples you but does no damage.
You hit the bone dragon. You headbutt the bone dragon!!
The bone dragon is heavily damaged.
The bone dragon bites you!
* * * LOW HITPOINT WARNING * * *
The bone dragon claws you.
* * * LOW HITPOINT WARNING * * *
The bone dragon tramples you.
* * * LOW HITPOINT WARNING * * *
You hold your ground!
You hit the bone dragon but do no damage.
You headbutt the bone dragon.
The bone dragon is heavily damaged.
The bone dragon bites you.
* * * LOW HITPOINT WARNING * * *
The bone dragon claws you but does no damage.
You block the bone dragon's attack.
You slash the bone dragon! You burn the bone dragon.
You headbutt the bone dragon.
The bone dragon is severely damaged.
You block the bone dragon's attack. x2
The bone dragon tramples you but does no damage.
You hit the bone dragon. You burn the bone dragon.
The bone dragon is severely damaged.
You hit the bone dragon.
The bone dragon is severely damaged.
You hear a shout!
The bone dragon bites you!
* * * LOW HITPOINT WARNING * * *
The bone dragon claws you.
* * * LOW HITPOINT WARNING * * *
You block the bone dragon's attack.
You slice the bone dragon!! You burn the bone dragon.
You headbutt the bone dragon, but do no damage.
The bone dragon is almost destroyed.
The bone dragon completely misses you. The bone dragon claws you!
You die...

########### #$..$?.D2.#
#.$?..@#††####
#+######†##..####+####
#..†.##.....°.##
#2.###.°.......#
####D.'.○°○.8°....
#...####°°○○.....#
#.....~##.......#
############~~#+++#+++##
###########~~~...))....#


You could see a bone dragon and a cacodemon.

Vanquished Creatures
  A kraken (D)
  2 sphinxes (D)
  Kirke (D)
  A deep elf high priest (D)
  A great orb of eyes (D)
  2 boulder beetles (D)
  A yaktaur captain (D)
  A centaur warrior (D)
  2 hell hogs (D)
  2 deep trolls (D)
  A skeletal warrior (D)
  An elephant (D)
  An unseen horror (D)
  A yaktaur (D)
  A kobold demonologist (D)
  5 polar bears (D)
  A hornet (D)
  A blink frog (D)
  4 wyverns (D)
  4 neqoxecs (D)
  Menkaure (D)
  4 water moccasins (D)
  A necrophage (D)
  An iron imp (D)
  3 worms (D)
  3 tentacles (D)
47 creatures vanquished.

Vanquished Creatures (others)
  An unseen horror (D)
  11 tentacles (D)
12 creatures vanquished.

Grand Total: 59 creatures vanquished

Notes
Turn   | Place    | Note
-------+----------+-------------------------------------------
     0 | D        | boopmooplesden the Minotaur Berserker began the quest for
                  | the Orb.
     0 | D        | Reached XP level 1. HP: 19/19 MP: 0/0
     1 | D        | Noticed a wyvern
     1 | D        | Noticed a wyvern
     7 | D        | Killed a wyvern
     8 | D        | Reached XP level 2. HP: 30/36 MP: 1/1
     8 | D        | Reached XP level 3. HP: 33/41 MP: 2/2
     8 | D        | Reached XP level 4. HP: 40/49 MP: 3/3
     8 | D        | Reached XP level 5. HP: 45/55 MP: 4/4
    13 | D        | Killed a wyvern
    14 | D        | Reached skill level 10 in Fighting
    14 | D        | Reached skill level 10 in Long Blades
    14 | D        | Reached skill level 5 in Armour
    14 | D        | Reached skill level 5 in Dodging
    14 | D        | Reached XP level 6. HP: 28/66 MP: 5/5
   236 | D        | Noticed a boulder beetle
   236 | D        | Noticed a boulder beetle
   240 | D        | Noticed a neqoxec
   240 | D        | Noticed a neqoxec
   240 | D        | Noticed a neqoxec
   240 | D        | Noticed a neqoxec
   246 | D        | Killed a neqoxec
   246 | D        | Reached ** piety under Trog
   252 | D        | Gained mutation: Your magical capacity is low. (-10% MP) [a
                  | neqoxec]
   253 | D        | Killed a neqoxec
   254 | D        | Reached XP level 7. HP: 66/75 MP: 5/5
   258 | D        | Killed a neqoxec
   262 | D        | Gained mutation: Your magical capacity is very low. (-20%
                  | MP) [a neqoxec]
   263 | D        | Killed a neqoxec
   437 | D        | Reached *** piety under Trog
   451 | D        | Found Senir's Magic Scroll Emporium.
   451 | D        | Found Lekosmit's Distillery.
   451 | D        | Found Wirijata's Magic Scroll Emporium.
   451 | D        | Found Rammaop's Jewellery Shoppe.
   451 | D        | Found Coexkih's Antique Armour Shoppe.
   452 | D        | Found Puyvifr Aheo's Jewellery Shoppe.
   452 | D        | Found Nuley's Jewellery Emporium.
   452 | D        | Found Huteryc's Jewellery Shoppe.
   452 | D        | Found Coirum's Antique Armour Shoppe.
   453 | D        | Found Zuhuch's Antique Weapon Shoppe.
   453 | D        | Noticed Menkaure
   453 | D        | Noticed a slime creature
   470 | D        | Killed Menkaure
   470 | D        | Reached **** piety under Trog
   656 | D        | Reached XP level 8. HP: 46/86 MP: 5/5
  1005 | D        | Noticed a blink frog
  1021 | D        | Killed a blink frog
  1023 | D        | Found Veps's Distillery.
  1023 | D        | Found Oplas's Book Shoppe.
  1023 | D        | Noticed a slime creature
  1023 | D        | Noticed a slime creature
  1023 | D        | Noticed an oklob plant
  1024 | D        | Found Doise's Jewellery Shoppe.
  1024 | D        | Found Wasasoj's Book Shoppe.
  1024 | D        | Found Ofytameph's Assorted Antiques.
  1030 | D        | Bought a glowing falchion for 168 gold pieces
  1038 | D        | Bought a scorched chain mail for 209 gold pieces
  1038 | D        | Identified the +3 chain mail of Watchfulness {Fly} (You
                  | bought it in a shop in the Dungeon)
  1051 | D        | Bought a pair of slimy boots for 199 gold pieces
  1051 | D        | Identified the +1 pair of boots of Courage {Regen+ Str+3
                  | Dex+2} (You bought it in a shop in the Dungeon)
  1206 | D        | Found a hazy altar of Hepliaklqana.
  1206 | D        | Found a snail-covered altar of Cheibriados.
  1207 | D        | Found a stormy altar of Qazlal.
  1207 | D        | Found a viscous altar of Jiyva.
  1207 | D        | Found a shadowy altar of Dithmenos.
  1208 | D        | Found a sacrificial altar of Ru.
  1208 | D        | Found an ancient bone altar of Kikubaaqudgha.
  1208 | D        | Found a white marble altar of Elyvilon.
  1209 | D        | Found an ornate altar of the Wu Jian Council.
  1209 | D        | Found a shimmering blue altar of Sif Muna.
  1209 | D        | Found a corrupted altar of Lugonu.
  1210 | D        | Found a shimmering altar of Xom.
  1210 | D        | Found a bloodstained altar of Trog.
  1210 | D        | Found a burning altar of Makhleb.
  1211 | D        | Found a glowing golden altar of the Shining One.
  1211 | D        | Found a basalt altar of Yredelemnul.
  1211 | D        | Found a hide-covered altar of Uskayaw.
  1212 | D        | Found a glowing silver altar of Zin.
  1212 | D        | Found a radiant altar of Vehumet.
  1212 | D        | Noticed a polar bear
  1212 | D        | Noticed a polar bear
  1222 | D        | Killed a polar bear
  1223 | D        | Noticed a polar bear
  1223 | D        | Noticed a hornet
  1226 | D        | Killed a polar bear
  1226 | D        | Reached ***** piety under Trog
  1227 | D        | Reached skill level 15 in Long Blades
  1227 | D        | Noticed a yaktaur
  1230 | D        | Killed a hornet
  1233 | D        | Killed a yaktaur
  1234 | D        | Reached skill level 15 in Fighting
  1234 | D        | Reached XP level 9. HP: 97/97 MP: 6/6
  1240 | D        | Killed a polar bear
  1240 | D        | Received a gift from Trog
  1288 | D        | Noticed a kraken
  1369 | D        | Found a sparkling altar of Nemelex Xobeh.
  1369 | D        | Found a blossoming altar of Fedhas.
  1370 | D        | Found an iron altar of Okawaru.
  1370 | D        | Found an opulent altar of Gozag.
  1387 | D        | Identified Roxanne's Folio of Shapeshifting
  1387 | D        | Noticed Roxanne
  1545 | D        | Killed a boulder beetle
  1546 | D        | Reached skill level 10 in Armour
  1596 | D        | Killed a boulder beetle
  1597 | D        | Reached XP level 10. HP: 49/108 MP: 7/7
  1900 | D        | Killed a kraken
  1941 | D        | Noticed a deep troll
  1941 | D        | Noticed a deep troll
  2066 | D        | Killed a deep troll
  2067 | D        | Reached skill level 1 in Stealth
  2071 | D        | Killed a deep troll
  2072 | D        | Reached skill level 10 in Dodging
  2299 | D        | Noticed a sphinx
  2299 | D        | Noticed a sphinx
  2310 | D        | Killed a sphinx
  2311 | D        | Reached skill level 1 in Shields
  2315 | D        | Killed a sphinx
  2316 | D        | Reached XP level 11. HP: 118/121 MP: 7/7
  2400 | D        | Bought an amulet of reflection for 360 gold pieces
  2426 | D        | Noticed an obsidian statue
  2429 | D        | Noticed Kirke
  2429 | D        | Noticed a skeletal warrior
  2445 | D        | Killed a skeletal warrior
  2445 | D        | Reached ****** piety under Trog
  2446 | D        | Reached skill level 15 in Armour
  2452 | D        | Noticed a great orb of eyes
  2452 | D        | Noticed a centaur warrior
  2452 | D        | Killed Kirke
  2456 | D        | Received a gift from Trog
  2463 | D        | Killed a great orb of eyes
  2468 | D        | Killed a centaur warrior
  2485 | D        | Noticed a yaktaur captain
  2495 | D        | Killed a yaktaur captain
  2521 | D        | Received a gift from Trog
  2668 | D        | Noticed a hell hog
  2668 | D        | Noticed a hell hog
  2680 | D        | Killed a hell hog
  2684 | D        | Killed a hell hog
  2692 | D        | Reached skill level 5 in Shields
  2696 | D        | Noticed a deep elf high priest
  2699 | D        | Noticed a cacodemon
  2699 | D        | Noticed a bone dragon
  2707 | D        | Killed a deep elf high priest
  2725 | D        | Slain by a bone dragon

Illustrated notes

Levels and vault maps discovered:
D:        the_violet_keep_of_menkaure [sprint2_stairs_cluster_1,
          sprint2_shoproom, sprint2_temple, sprint2_basic_supplies,
          sprint2_obstacle_5, sprint2_obstacle_6, sprint2_obstacle_3,
          sprint2_obstacle_2, sprint2_obstacle_1, sprint2_timed_cluster_1,
          sprint2_smallroom_cluster_1, sprint2_smallroom_final_cluster_1,
          sprint2_transparent_cluster_1, sprint2_second_timed_cluster_1,
          sprint2_sniper_area_1, sprint2_heavy_combat_area_1,
          sprint2_mutation_trap_area_1, sprint2_forest_area_1,
          sprint2_light_combat_area_1, sprint2_behind_water_1,
          sprint2_near_end_vault_1]

Skill      XL: |  1  2  3  4  5  6  7  8  9 10 11 |
---------------+----------------------------------+-----
Fighting       | 8 10 11 13 15 16 18 20 | 20.1
Long Blades    | 8 10 11 13 15 17 18 20 | 20.0
Armour         | 4 5 6 7 8 10 14 17 | 17.9
Dodging        | 4 5 6 7 8 9 10 11 | 11.2
Stealth        | 1 2 |  2.2
Shields        | 2 5 |  5.7

Action                   |  1- 3 |  4- 6 |  7- 9 | 10-12 || total
-------------------------+-------+-------+-------+-------++-------
Melee: Falchion          |     5 |    17 |   124 |    82 ||   228
       Headbutt          |       |     2 |    28 |    44 ||    74
       Punch             |       |       |     2 |       ||     2
       Triple sword      |       |       |       |    43 ||    43
Invok: Berserk           |     1 |     1 |     6 |     6 ||    14
  Use: Potion            |       |       |       |     2 ||     2
Armor: Animal skin       |       |     1 |     1 |       ||     2
       Chain mail        |       |       |    27 |    98 ||   125
Dodge: Dodged            |     4 |     4 |    44 |    79 ||   131
Block: Buckler           |       |       |       |    19 ||    19
       Other             |       |       |       |    21 ||    21
       Reflection        |       |       |       |     1 ||     1
